AoeStats
← sommarG

Arabia

505711477Analyzed
2v2 RM · 22d ago on Sep 10, 2026· 64m 7s· 4 players
Game mode
Random Map
Map size
Medium (4 player)
Population
200
Speed
Normal
Resources
Standard
Victory
Conquest
Starting age
Dark Age
Ending age
Imperial Age
RankedLock teamsTeams togetherTeam positionsShared explorationLock speedFull tech treeHidden civsTurbo modeCheats
Victory
Defeat
🇩🇪 Koreans · Germany
1050
+15
🇩🇪 Hindustanis · Germany
979
+17
🇸🇪 Byzantines · Sweden
1021
-16
🇸🇪 Magyars · Sweden
1009
-16
Boerdy
5:44 Loom
10:37 Feudal Age
12:21 Double-Bit Axe
13:32 Horse Collar
18:20 Fletching
23:44 Castle Age
22:24 Gold Mining
23:58 Crossbowman
26:16 Forging
26:04 Bodkin Arrow
27:21 Thumb Ring
28:47 Wheelbarrow
28:14 Heavy Plow
28:26 Bow Saw
29:48 Forging
29:44 Scale Barding Armor
32:49 Ballistics
35:45 Treadmill Crane
41:58 Imperial Age
44:21 Arbalester
45:36 Bracer
Beanie
0:53 Loom
10:32 Feudal Age
15:17 Horse Collar
17:29 Scale Barding Armor
17:15 Fletching
18:38 Double-Bit Axe
22:30 Wheelbarrow
24:57 Castle Age
23:11 Scale Mail Armor
25:35 Wheelbarrow
26:57 Forging
30:03 Husbandry
32:20 Stone Mining
33:46 Hand Cart
35:12 Bodkin Arrow
36:10 Chain Mail Armor
36:33 Iron Casting
38:07 Bow Saw
40:23 Gold Mining
41:51 Chain Barding Armor
42:10 Bloodlines
45:11 Imperial Age
42:56 Grand Trunk Road
45:53 Heavy Camel Rider
48:10 Two-Man Saw
47:18 Heavy Plow
47:20 Bracer
48:21 Blast Furnace
47:10 Elite Ghulam
49:38 Imperial Camel Rider
52:27 Gold Shaft Mining
56:17 Plate Barding Armor
Clubmate
3:22 Loom
10:15 Feudal Age
11:00 Horse Collar
11:07 Double-Bit Axe
13:24 Scale Mail Armor
14:04 Forging
17:47 Gold Mining
19:05 Wheelbarrow
19:53 Fletching
23:33 Castle Age
23:16 Stone Mining
23:42 Elite Skirmisher
24:19 Bodkin Arrow
24:26 Padded Archer Armor
29:25 Bow Saw
30:22 Pikeman
31:27 Chain Mail Armor
32:40 Ballistics
34:49 Squires
35:55 Arson
36:49 Iron Casting
36:39 Hand Cart
38:58 Imperial Age
40:24 Capped Ram
44:28 Hand Cart
44:12 Halberdier
sommarG
9:31 Loom
11:45 Feudal Age
12:51 Double-Bit Axe
13:24 Man-at-Arms
15:22 Town Watch
16:03 Arson
19:01 Horse Collar
20:15 Fletching
20:26 Padded Archer Armor
24:46 Castle Age
25:27 Bodkin Arrow
25:48 Leather Archer Armor
26:38 Thumb Ring
27:42 Bow Saw
35:09 Bloodlines
35:00 Husbandry
39:36 Imperial Age
37:51 Wheelbarrow
44:32 Parthian Tactics
43:37 Heavy Cavalry Archer
49:22 Bracer
52:10 Ballistics
52:51 Chemistry
57:29 Light Cavalry
58:17 Scale Barding Armor
58:13 Scale Mail Armor
59:11 Hussar
60:18 Chain Barding Armor
60:13 Chain Mail Armor
62:12 Two-Man Saw
Connection lost

Rejoining the realm…

Still unreachable

The connection could not be restored.

Session expired

The server has moved on; the page needs a fresh start.